 Dungeon Crawl Stone Soup version 0.31-a0-149-g3fdcc5976a (webtiles) character file.

Game seed: 12357864436938041515

58362 qw the Warrior (level 14, -12/140 HPs)
             Began as a Minotaur Hunter on June 7, 2023.
             Was an Elder of Okawaru.
             Mangled by Rupert
             ... wielding a +1 great sword of holy wrath
              (26 damage)
             ... on level 12 of the Dungeon.
             The game lasted 00:07:46 (16176 turns).

qw the Warrior (Minotaur Hunter)                   Turns: 16176, Time: 00:07:47

Health: -12/140    AC: 19    Str: 22    XL:     14   Next: 49%
Magic:  20/20      EV: 28    Int:  6    God:    Okawaru [****..]
Gold:   2046       SH:  0    Dex: 19    Spells: 13/13 levels left

rFire   + . .        g - +8 orcbow (flame)
rCold   . . .        (shield currently unavailable)
rNeg    . . .        m - +0 troll leather armour
rPois   .            (helmet restricted)
rElec   .            u - +2 cloak of Zeenihio {Str+6}
rCorr   .            h - +2 pair of gloves
SInv    .            a - +0 pair of boots
Will    +....        (no amulet)
Stlth   +++          d - +5 ring of evasion
HPRegen 1.23/turn    k - +4 ring of protection
MPRegen 0.17/turn

%: no passive effects
@: about to teleport, heroic
A: horns 2, retaliatory headbutt, talons 1, fire resistance 1
a: Renounce Religion, Heroism, Finesse


You were on level 12 of the Dungeon.
You worshipped Okawaru.
Okawaru was greatly pleased with you.
You visited 3 branches of the dungeon, and saw 19 of its levels.
You also visited: Sewer and Ossuary.

You collected 2516 gold pieces.
You spent 470 gold pieces at shops.


Innate Abilities, Weirdness & Mutations

You have a pair of horns on your head.
You reflexively headbutt those who attack you in melee.
You have sharp toenails.
Your flesh is heat resistant. (rF+)


   Skills:
 - Level 17.0(22.0) Fighting
 - Level 16.0(21.0) Ranged Weapons
 - Level 9.0(14.0) Armour
 + Level 12.0(17.0) Dodging
 - Level 0.7(5.7) Stealth
 - Level 10.0 Invocations


You had 13 spell levels left.
You didn't know any spells.
Your spell library was empty.

Inventory:

Hand Weapons
 g - a +8 orcbow of flaming (weapon)
Armour
 a - a +0 pair of boots (worn)
 h - a +2 pair of gloves (worn)
 m - a +0 troll leather armour (worn)
 u - the +2 cloak of Zeenihio (worn) {Str+6}
   (Okawaru gifted it to you on level 2 of the Lair of Beasts)

   Str:       It affects your strength (+6).
Jewellery
 b - a ring of protection from fire
 d - a +5 ring of evasion (left hand)
 e - a ring of fire
 k - a +4 ring of protection (right hand)
Scrolls
 i - 11 scrolls of identify
 n - 3 scrolls of teleportation
Potions
 c - a potion of cancellation
 j - 6 potions of curing
 l - a potion of resistance
 p - 2 potions of haste
 q - 6 potions of might
 r - 2 potions of magic
 s - 4 potions of mutation

Dungeon Overview and Level Annotations

Branches:
Dungeon (13/15) Temple (1/1) D:6 Lair (5/5) D:10 Swamp (0/4) Lair:3 Spider (0/4) Lair:2 Slime (0/5) Lair:5 Orc (0/2) D:11 Vaults (0/5) D:12 D:13 Sewer (visited) Ossuary (visited)

Altars:
Ashenzari
Cheibriados
Dithmenos
Elyvilon
Fedhas
Gozag
Hepliaklqana
Kikubaaqudgha
Makhleb
Nemelex Xobeh
Okawaru
Qazlal
Ru
Sif Muna
Trog
Uskayaw
Vehumet
Wu Jian
Xom
Yredelemnul
Zin
The Shining One
Lugonu

Shops:
D:1 ([[(!:   D:6 [   D:10 :

Portals:
Abyss: Lair:4

Annotations:
D:3 3 runed translucent doors, qw's ghost, amateur GrFi; qw's ghost, amateur MiHu; qw's ghost, weakling GrFi
D:8 2 transporters, qw's ghost, novice GrFi
D:12 Rupert; Urug
D:13 Nessos


Message History

You kill the human!
Okawaru accepts your kill.
Rupert hits you with a +1 great sword of holy wrath!!
The human closely misses you. You furiously retaliate!
You headbutt the human, but do no damage.
The human completely misses you. The human barely misses you.
The human misses you.
You shoot an arrow. The arrow closely misses the human.
Rupert hits you with a +1 great sword of holy wrath!!
The human hits you but does no damage. The human closely misses you.
You furiously retaliate!
You headbutt the human! The human completely misses you.
You furiously retaliate!
You headbutt the human! The human misses you.
16173 ||| READING 4 scrolls of teleportation.
As you read the scroll of teleportation, it crumbles to dust.
You feel strangely unstable. Rupert completely misses you.
Rupert closely misses you. The human completely misses you.
You furiously retaliate!
You headbutt the human! The human misses you. You furiously retaliate!
You headbutt the human!
You kill the human!
Okawaru accepts your kill. The human barely misses you.
You furiously retaliate!
You headbutt the human!
You kill the human!
Okawaru accepts your kill. The human misses you.
Your base Armour skill increases to level 9!
16174 ||| DRINKING potion of heal wounds.
You feel much better.
Rupert hits you with a +1 great sword of holy wrath!!
The human hits you but does no damage. The human closely misses you.
You furiously retaliate!
You headbutt the human. You shoot an arrow. The arrow hits the human!!
The arrow burns the human.
You kill the human!
Okawaru accepts your kill.
Rupert hits you with a +1 great sword of holy wrath!
You shoot an arrow. The arrow hits Rupert.
The arrow burns Rupert.
Rupert is lightly wounded.
Rupert hits you with a +1 great sword of holy wrath!!
You die...

#....#..#######......#.#####...
#....'..'.....#......#.# #...
#....#..#.....#.....>#.# #...
###....#..#.....#......'.# #...
.......#..#######......#.# #...
.......#...............#.# #...
.......####...........[#.# #...
..........##############.# #...
..............%p@@o......# #...
...............%p%.......#####.##
...............#'##'##.......[.#.
)..###########.#.....#.........#.
...#.........#.#.....#.........#.
...#...#####.#.#.....#.#'#####.##
...#...#...#.'.#.....#.#.....#...
...#...#...#.#.#.....#.#.....#...
...#...'...#.#.#.....#.#.....#...


You could see Rupert (berserk), Urug and 2 humans.

Vanquished Creatures
  Josephine (D:12)
  A fire dragon (Lair:5)
  A hydra (Lair:1)
  Erolcha (D:10)
  6 two-headed ogres (D:11)
  6 boulder beetles
  A centaur warrior (D:11)
  2 tengu warriors (D:11)
  A skyshark (Lair:5)
  A swamp dragon (Lair:5)
  Pikel (D:7)
  3 bog bodies (Lair:3)
  2 oklob plants
  2 wolf spiders (Lair:5)
  2 manticores (D:11)
  A cyclops (D:11)
  8 black mambas
  4 elephants (Lair:5)
  A guardian serpent (Lair:5)
  A torpor snail (Lair:5)
  Maggie (D:10)
  15 cane toads
  A gargoyle (D:10)
  4 unseen horrors
  A rime drake (Lair:2)
  8 komodo dragons
  2 tengu conjurers (D:11)
  4 polar bears (D:10)
  6 trolls
  3 hornets
  7 dream sheep (Lair:5)
  A tarantella (Lair:2)
  5 blink frogs (Lair:1)
  Sigmund (D:2)
  A shadow (D:11)
  2 centaur simulacra (D:10)
  41 yaks
  7 wraiths
  2 unseen horror simulacra (D:10)
  8 humans
  13 wyverns
  4 steam dragons
  13 vampire mosquitoes
  2 redbacks (Lair:5)
  A swamp worm (Lair:3)
  A warg (shapeshifter) (D:11)
  7 acid dragons
  21 water moccasins
  Duvessa (D:7)
  7 ice beasts
  A swamp drake (Lair:5)
  A sky beast (D:5)
  3 black bears
  4 orc warriors
  15 wolves
  An ogre (D:6)
  A centaur (D:9)
  2 phantoms (D:6)
  4 kobold brigands
  13 bullfrogs
  3 gnoll sergeants
  4 water moccasin zombies (Ossuary)
  Dowan (D:7)
  10 killer bees
  16 jellies
  4 howler monkeys
  2 electric eels
  2 orc priests
  8 hounds
  9 iguanas
  5 orc wizards
  6 hell rats (Lair:4)
  2 mummies (Ossuary)
  12 adders
  13 gnolls
  5 river rats (Sewer)
  A shadow imp (D:8)
  5 white imps
  6 adder zombies (Ossuary)
  A worm (D:2)
  A dart slug (D:1)
  30 orcs
  5 endoplasms
  5 giant cockroaches
  2 gnoll zombies (Ossuary)
  4 quokkas
  10 ball pythons
  4 bats
  3 frilled lizards
  8 goblins
  A hobgoblin zombie (Ossuary)
  25 kobolds
  5 kobold zombies (Ossuary)
  5 orc zombies (Ossuary)
  22 rats
  A lurking horror (Lair:4)
527 creatures vanquished.

Vanquished Creatures (others)
  A human (D:13)
1 creature vanquished.

Grand Total: 528 creatures vanquished

Notes
Turn   | Place    | Note
-------+----------+-------------------------------------------
     0 | D:1      | qw the Minotaur Hunter began the quest for the Orb.
     0 | D:1      | Reached XP level 1. HP: 18/18 MP: 0/0
     0 | D:1      | 0 ||| qw: Version: 0.2-a-117-gc6b5c8b
     0 | D:1      | 0 ||| qw: Game counter: 2609
     0 | D:1      | 0 ||| qw: Always use a shield: true
     0 | D:1      | 0 ||| qw: God list: Okawaru
     0 | D:1      | 0 ||| qw: Allow faded altars: false
     0 | D:1      | 0 ||| qw: Do Orc after D:15 true
     0 | D:1      | 0 ||| qw: Do second Lair branch before Depths: true
     0 | D:1      | 0 ||| qw: Lair rune preference: random
     0 | D:1      | 0 ||| qw: Plans: Normal
     0 | D:1      | 0 ||| PLANNING D:1-11
    39 | D:1      | Found Xayfirph's Antique Weapon Boutique.
   116 | D:1      | Reached XP level 2. HP: 25/25 MP: 1/1
   130 | D:1      | Found Hulluk's Armour Boutique.
   141 | D:1      | 141 ||| SHOPLISTING +0 ring mail (40 gold, have 11).
   141 | D:1      | 141 ||| SHOPLISTING +4 ring mail (260 gold, have 11).
   143 | D:1      | Found Ubomoxak's Armour Shop.
   161 | D:1      | 161 ||| SHOPLISTING +0 cloak (45 gold, have 29).
   161 | D:1      | 161 ||| SHOPLISTING +0 ring mail (40 gold, have 29).
   161 | D:1      | 161 ||| SHOPLISTING +1 robe of Amuenan {rPois Slay+2} (253
                  | gold, have 29).
   214 | D:1      | Found Esacukkigh's Weapon Shop.
   230 | D:1      | Reached skill level 3 in Fighting
   303 | D:1      | Found Efenoebb's Distillery.
   307 | D:1      | Found Wemmou's Vocational Training.
   311 | D:1      | 311 ||| SHOPLISTING 2 potions of might (80 gold, have 48).
   311 | D:1      | 311 ||| BUYING potion of curing (30 gold).
   311 | D:1      | Bought a potion of curing for 30 gold pieces
   311 | D:1      | 311 ||| SHOPLISTING potion of curing (30 gold, have 18).
   311 | D:1      | 311 ||| SHOPLISTING potion of might (40 gold, have 18).
   311 | D:1      | 311 ||| SHOPLISTING potion of mutation (80 gold, have 18).
   513 | D:1      | 513 ||| DROPPING -2 cloak.
   514 | D:1      | 514 ||| READING scroll labelled IVIUMP NOIRI.
   540 | D:1      | 540 ||| READING scroll labelled URPHEV BICI.
   541 | D:1      | 541 ||| READING scroll labelled LOPTIURUTHI.
   541 | D:1      | Identified a scroll of acquirement
   541 | D:1      | 541 ||| ACQUIRING 1108 gold pieces
   541 | D:1      | Acquired 1108 gold pieces
   545 | D:1      | 545 ||| READING scroll labelled MICUIZA AWEG.
   546 | D:1      | 546 ||| DROPPING scroll of butterflies.
   612 | D:2      | Reached XP level 3. HP: 31/31 MP: 2/2
   865 | D:2      | 865 ||| FLEEEEING.
   866 | D:2      | 866 ||| FLEEEEING.
   867 | D:2      | 867 ||| FLEEEEING.
   868 | D:2      | 868 ||| FLEEEEING.
   869 | D:2      | 869 ||| FLEEEEING.
   870 | D:2      | 870 ||| FLEEEEING.
   871 | D:2      | 871 ||| FLEEEEING.
   872 | D:2      | 872 ||| FLEEEEING.
   874 | D:2      | 874 ||| FLEEEEING.
   875 | D:2      | 875 ||| FLEEEEING.
   878 | D:2      | 878 ||| FLEEEEING.
   881 | D:2      | 881 ||| FLEEEEING.
  1105 | D:2      | Noticed Sigmund
  1107 | D:2      | 1107 ||| DRINKING 2 potions of curing.
  1107 | D:2      | 1107 ||| (to cure confusion)
  1118 | D:2      | Killed Sigmund
  1119 | D:2      | Reached XP level 4. HP: 36/38 MP: 3/3
  1119 | D:2      | Reached XP level 5. HP: 43/45 MP: 4/4
  1275 | D:2      | 1275 ||| READING scroll labelled EXAGU NEKAQES.
  1276 | D:2      | 1276 ||| READING scroll labelled JISYES NECZI.
  1277 | D:2      | 1277 ||| READING scroll labelled BUAGAW LEX.
  1282 | D:2      | 1282 ||| READING scroll labelled LASCHE NORPHYTI.
  1381 | D:3      | Found a shadowy altar of Dithmenos.
  1415 | D:3      | Found an opulent altar of Gozag.
  1526 | D:3      | Found a runed translucent gate.
  1526 | D:3      | Found a runed translucent gate.
  1526 | D:3      | Found a runed translucent gate.
  1527 | D:3      | Noticed qw's ghost (amateur GrFi)
  1527 | D:3      | Noticed qw's ghost (amateur MiHu)
  1528 | D:3      | Noticed qw's ghost (weakling GrFi)
  1597 | D:3      | Reached skill level 4 in Fighting
  1597 | D:3      | Reached XP level 6. HP: 43/52 MP: 5/5
  1661 | D:3      | Found a faded altar of an unknown god.
  1965 | D:3      | 1965 ||| UPGRADING to +0 pair of gloves.
  1970 | D:3      | 1970 ||| UPGRADING to ring of protection from cold.
  1971 | D:3      | 1971 ||| UPGRADING to +4 ring of protection.
  1972 | D:3      | 1972 ||| READING 2 scrolls of identify.
  1972 | D:3      | 1972 ||| IDENTIFYING amethyst potion
  1973 | D:3      | 1973 ||| DROPPING potion of berserk rage.
  1986 | D:4      | 1986 ||| PLANNING SEWER
  1992 | D:4      | Reached skill level 1 in Armour
  2180 | D:4      | Identified the +12 chain mail of Doajer {Will+}
  2279 | D:4      | Found a white marble altar of Elyvilon.
  2565 | D:4      | Found a glowing drain.
  2566 | D:4      | 2566 ||| UPGRADING to +0 ring mail.
  2576 | D:4      | 2576 ||| DROPPING +0 leather armour.
  2577 | D:4      | 2577 ||| DROPPING ring of wizardry.
  2578 | D:4      | 2578 ||| READING scroll labelled ALIOCULYSO.
  2582 | Sewer    | Entered a sewer
  2730 | Sewer    | 2730 ||| Stepping ~*~*~tactically~*~*~ (water).
  2732 | Sewer    | Reached skill level 5 in Fighting
  2774 | Sewer    | Reached XP level 7. HP: 55/61 MP: 6/6
  2805 | Sewer    | 2805 ||| Stepping ~*~*~tactically~*~*~ (outnumbered).
  2806 | Sewer    | 2806 ||| Stepping ~*~*~tactically~*~*~ (outnumbered).
  3097 | Sewer    | 3097 ||| READING scroll labelled CAGHOGUNGI.
  3098 | Sewer    | 3098 ||| DRINKING 2 fizzy inky potions.
  3098 | Sewer    | Gained mutation: Potions are less effective at restoring
                  | your health. [potion of mutation]
  3098 | Sewer    | Gained mutation: You passively dampen the noise of your
                  | surroundings. [potion of mutation]
  3099 | Sewer    | 3099 ||| DRINKING potion of mutation.
  3099 | Sewer    | Lost mutation: You passively dampen the noise of your
                  | surroundings. [potion of mutation]
  3099 | Sewer    | Lost mutation: Potions are less effective at restoring your
                  | health. [potion of mutation]
  3099 | Sewer    | Gained mutation: Your flesh is heat resistant. (rF+)
                  | [potion of mutation]
  3099 | Sewer    | Gained mutation: You have sharp toenails. [potion of
                  | mutation]
  3100 | Sewer    | 3100 ||| DRINKING 2 puce potions.
  3101 | Sewer    | 3101 ||| DRINKING 2 inky potions.
  3102 | Sewer    | 3102 ||| DRINKING 2 glowing golden potions.
  3103 | Sewer    | 3103 ||| DRINKING 2 glowing silvery potions.
  3104 | Sewer    | 3104 ||| READING 2 scrolls of identify.
  3104 | Sewer    | 3104 ||| IDENTIFYING coppery potion
  3105 | Sewer    | 3105 ||| DROPPING potion of brilliance.
  3106 | Sewer    | 3106 ||| DROPPING potion of magic.
  3132 | D:4      | 3132 ||| PLANNING D:1-11
  3273 | D:5      | Entered Level 5 of the Dungeon
  3359 | D:5      | 3359 ||| FLEEEEING.
  3360 | D:5      | 3360 ||| FLEEEEING.
  3361 | D:5      | 3361 ||| STAIRDANCE
  3572 | D:5      | Reached skill level 9 in Ranged Weapons
  3660 | D:5      | Reached skill level 3 in Dodging
  3749 | D:5      | Reached skill level 6 in Fighting
  3779 | D:5      | Found a stormy altar of Qazlal.
  3792 | D:5      | Reached XP level 8. HP: 55/70 MP: 7/7
  4260 | D:5      | 4260 ||| READING 2 scrolls labelled QIG IDEISCHUI.
  4361 | D:5      | 4361 ||| READING 2 scrolls of identify.
  4361 | D:5      | 4361 ||| IDENTIFYING fizzy green potion
  4362 | D:5      | 4362 ||| DROPPING scroll of silence.
  4363 | D:5      | 4363 ||| DROPPING potion of enlightenment.
  4412 | D:6      | Found Ciseuweo's Armour Shoppe.
  4422 | D:6      | 4422 ||| BUYING +2 leather armour of willpower (209 gold).
  4422 | D:6      | Bought a +2 leather armour of willpower for 209 gold pieces
  4422 | D:6      | 4422 ||| BUYING +3 ring mail (231 gold).
  4422 | D:6      | Bought a +3 ring mail for 231 gold pieces
  4630 | D:6      | Reached skill level 7 in Fighting
  4727 | D:6      | Found a staircase to the Ecumenical Temple.
  4727 | D:6      | Found a shimmering altar of Xom.
  4727 | D:6      | Found a radiant altar of Vehumet.
  4728 | D:6      | 4728 ||| PLANNING TEMPLE
  4728 | D:6      | 4728 ||| UPGRADING to +2 leather armour of willpower.
  4738 | D:6      | 4738 ||| DROPPING +0 ring mail.
  4739 | D:6      | 4739 ||| READING scroll labelled BALAAC DARHIS.
  4740 | D:6      | 4740 ||| READING 2 scrolls of identify.
  4740 | D:6      | 4740 ||| IDENTIFYING fuming yellow potion
  4741 | D:6      | 4741 ||| DROPPING potion of degeneration.
  4747 | Temple   | Entered the Ecumenical Temple
  4748 | Temple   | 4748 ||| PLANNING D:1-11
  4786 | D:6      | 4786 ||| READING scroll of acquirement.
  4786 | D:6      | 4786 ||| ACQUIRING +6 orcbow of flaming
  4786 | D:6      | Acquired a +6 orcbow of flaming
  4788 | D:6      | 4788 ||| SWAPPING to +6 orcbow of flaming.
  4789 | D:6      | 4789 ||| DROPPING +1 shortbow of freezing.
  4817 | D:6      | Found an iron altar of Okawaru.
  4818 | D:6      | 4818 ||| PLANNING OKAWARU WORSHIP
  4823 | D:6      | Became a worshipper of Warmaster Okawaru
  4823 | D:6      | 4823 ||| PLANNING D:1-11
  4919 | D:6      | Found a blossoming altar of Fedhas.
  5243 | D:7      | 5243 ||| PLANNING OSSUARY
  5289 | D:7      | Noticed Duvessa
  5293 | D:7      | Noticed Dowan
  5296 | D:7      | Reached XP level 9. HP: 79/79 MP: 8/8
  5299 | D:7      | Killed Duvessa
  5299 | D:7      | Reached * piety under Okawaru
  5300 | D:7      | 5300 ||| INVOKING Heroism.
  5314 | D:7      | Killed Dowan
  5345 | D:7      | Found a glowing golden altar of the Shining One.
  5405 | D:7      | Reached skill level 1 in Invocations
  5426 | D:7      | Found a shimmering blue altar of Sif Muna.
  5440 | D:7      | Found a bloodstained altar of Trog.
  5441 | D:7      | 5441 ||| INVOKING Heroism.
  5526 | D:7      | Found a basalt altar of Yredelemnul.
  5532 | D:7      | Noticed Pikel
  5550 | D:7      | Killed Pikel
  5551 | D:7      | Reached skill level 12 in Ranged Weapons
  5551 | D:7      | 5551 ||| INVOKING Heroism.
  5802 | D:7      | 5802 ||| INVOKING Heroism.
  5822 | D:7      | You fall into a shaft and drop 1 floor!
  5838 | D:8      | 5838 ||| INVOKING Heroism.
  5842 | D:8      | 5842 ||| Stepping ~*~*~tactically~*~*~ (outnumbered).
  5843 | D:8      | 5843 ||| Stepping ~*~*~tactically~*~*~ (outnumbered).
  5896 | D:7      | Found a sand-covered staircase.
  5905 | Ossuary  | Entered an ossuary
  5923 | Ossuary  | Reached skill level 3 in Invocations
  5961 | Ossuary  | Reached skill level 8 in Fighting
  6042 | Ossuary  | 6042 ||| DRINKING 3 dark potions.
  6043 | Ossuary  | 6043 ||| READING 2 scrolls of identify.
  6043 | Ossuary  | 6043 ||| IDENTIFYING fizzy golden potion
  6044 | Ossuary  | 6044 ||| DROPPING potion of ambrosia.
  6050 | D:7      | 6050 ||| PLANNING D:1-11
  6188 | D:8      | 6188 ||| INVOKING Heroism.
  6196 | D:8      | HP: 8/81 [acid dragon/splash of acid (30)]
  6197 | D:8      | 6197 ||| READING 2 scrolls of teleportation.
  6198 | D:8      | 6198 ||| DRINKING 2 potions of heal wounds.
  6205 | D:8      | 6205 ||| INVOKING Heroism.
  6229 | D:8      | 6229 ||| INVOKING Heroism.
  6277 | D:8      | Reached skill level 6 in Dodging
  6324 | D:8      | Found a bloodstained altar of Trog.
  6324 | D:8      | Noticed qw's ghost (novice GrFi)
  6324 | D:8      | Noticed a moth of wrath
  6334 | D:8      | Reached XP level 10. HP: 88/88 MP: 12/12
  6334 | D:8      | Found a transporter.
  6354 | D:8      | Found an ornate altar of the Wu Jian Council.
  6369 | D:8      | 6369 ||| INVOKING Heroism.
  6397 | D:8      | Found a transporter.
  6468 | D:8      | Found a glowing silver altar of Zin.
  6702 | D:8      | 6702 ||| READING 2 scrolls of identify.
  6702 | D:8      | 6702 ||| IDENTIFYING sapphire potion
  6703 | D:8      | 6703 ||| DROPPING potion of attraction.
  6857 | D:9      | Reached ** piety under Okawaru
  6869 | D:9      | Reached skill level 9 in Fighting
  6932 | D:9      | 6932 ||| Stepping ~*~*~tactically~*~*~ (outnumbered).
  7260 | D:9      | Reached *** piety under Okawaru
  7273 | D:9      | 7273 ||| READING scroll labelled TURIDO UWIUF.
  7311 | D:10     | Entered Level 10 of the Dungeon
  7353 | D:10     | 7353 ||| INVOKING Heroism.
  7366 | D:10     | Reached skill level 10 in Fighting
  7367 | D:10     | 7367 ||| INVOKING Heroism.
  7422 | D:10     | Found a staircase to the Lair.
  7422 | D:10     | Found a broken altar of Ashenzari.
  7446 | D:10     | 7446 ||| INVOKING Heroism.
  7459 | D:10     | Reached XP level 11. HP: 96/99 MP: 11/13
  7501 | D:10     | Reached **** piety under Okawaru
  7554 | D:10     | 7554 ||| INVOKING Heroism.
  7562 | D:10     | Reached skill level 15 in Ranged Weapons
  7844 | D:10     | Noticed Maggie
  7852 | D:10     | Killed Maggie
  7877 | D:10     | Received a gift from Okawaru
  7884 | D:10     | 7884 ||| INVOKING Heroism.
  7901 | D:10     | Reached ***** piety under Okawaru
  8230 | D:10     | Noticed Erolcha
  8231 | D:10     | 8231 ||| INVOKING Heroism.
  8235 | D:10     | Killed Erolcha
  8236 | D:10     | Reached skill level 6 in Invocations
  8261 | D:10     | Found Faxodia's Book Emporium.
  8351 | D:10     | 8351 ||| INVOKING Heroism.
  8377 | D:10     | 8377 ||| PLANNING LAIR
  8389 | Lair:1   | Entered Level 1 of the Lair of Beasts
  8393 | Lair:1   | 8393 ||| READING scroll of enchant weapon.
  8393 | Lair:1   | 8393 ||| ENCHANTING +6 orcbow of flaming.
  8457 | Lair:1   | 8457 ||| INVOKING Heroism.
  8500 | Lair:1   | 8500 ||| INVOKING Heroism.
  8590 | Lair:1   | 8590 ||| INVOKING Heroism.
  8615 | Lair:1   | Noticed an oklob plant
  8619 | Lair:1   | Killed an oklob plant
  8791 | Lair:1   | 8791 ||| READING scroll of enchant weapon.
  8791 | Lair:1   | 8791 ||| ENCHANTING +7 orcbow of flaming.
  8850 | Lair:1   | Noticed a five-headed hydra
  8851 | Lair:1   | 8851 ||| INVOKING Heroism.
  8854 | Lair:1   | Killed a five-headed hydra
  8855 | Lair:1   | Reached skill level 3 in Armour
  8855 | Lair:1   | Reached XP level 12. HP: 106/106 MP: 13/16
  9144 | Lair:1   | 9144 ||| UPGRADING to +0 pair of boots.
  9149 | Lair:1   | 9149 ||| READING 2 scrolls of identify.
  9149 | Lair:1   | 9149 ||| IDENTIFYING black potion
  9319 | Lair:2   | Found a dark tunnel.
  9371 | Lair:2   | Found a hole to the Spider Nest.
  9528 | Lair:2   | Identified the +2 cloak of Zeenihio {Str+6} (Okawaru gifted
                  | it to you on level 2 of the Lair of Beasts)
  9528 | Lair:2   | Received a gift from Okawaru
 10361 | Lair:2   | 10361 ||| UPGRADING to +2 cloak of Zeenihio {Str+6}.
 10455 | Lair:3   | 10455 ||| INVOKING Heroism.
 10883 | Lair:3   | 10883 ||| INVOKING Heroism.
 10892 | Lair:3   | Reached skill level 11 in Fighting
 10951 | Lair:3   | Found a staircase to the Swamp.
 10958 | Lair:3   | Reached skill level 9 in Invocations
 11224 | Lair:3   | 11224 ||| READING scroll labelled YKORAT CAARAES.
 11225 | Lair:3   | 11225 ||| READING scroll labelled REICOU EDOV.
 11226 | Lair:3   | 11226 ||| READING 5 scrolls of identify.
 11226 | Lair:3   | 11226 ||| IDENTIFYING emerald potion
 11227 | Lair:3   | 11227 ||| DROPPING potion of lignification.
 11266 | Lair:4   | 11266 ||| STAIRDANCE
 11366 | Lair:4   | 11366 ||| INVOKING Heroism.
 11599 | Lair:4   | 11599 ||| INVOKING Heroism.
 11603 | Lair:4   | Reached skill level 9 in Dodging
 11656 | Lair:4   | Found a one-way gate to the infinite horrors of the Abyss.
 11657 | Lair:4   | Found a corrupted altar of Lugonu.
 11678 | Lair:4   | 11678 ||| INVOKING Heroism.
 11965 | Lair:4   | 11965 ||| READING scroll labelled JAFOTET JIF.
 12003 | Lair:5   | Entered Level 5 of the Lair of Beasts
 12004 | Lair:5   | 12004 ||| INVOKING Heroism.
 12118 | Lair:5   | 12118 ||| INVOKING Heroism.
 12122 | Lair:5   | Reached skill level 12 in Fighting
 12206 | Lair:5   | Noticed a boulder beetle
 12207 | Lair:5   | 12207 ||| INVOKING Heroism.
 12218 | Lair:5   | Reached XP level 13. HP: 62/118 MP: 17/19
 12220 | Lair:5   | HP: 29/118 [cane toad (16)]
 12221 | Lair:5   | 12221 ||| READING 4 scrolls of teleportation.
 12222 | Lair:5   | 12222 ||| DRINKING potion of heal wounds.
 12516 | Lair:5   | 12516 ||| INVOKING Heroism.
 12529 | Lair:5   | Reached skill level 13 in Fighting
 12679 | Lair:5   | 12679 ||| INVOKING Heroism.
 12704 | Lair:5   | Reached skill level 6 in Armour
 12714 | Lair:5   | Identified the +8 lajatang of Okawaru {holy, rC+} (Okawaru
                  | gifted it to you on level 5 of the Lair of Beasts)
 12714 | Lair:5   | Received a gift from Okawaru
 12752 | Lair:5   | 12752 ||| INVOKING Heroism.
 12764 | Lair:5   | Reached skill level 14 in Fighting
 12969 | Lair:5   | 12969 ||| READING scroll of enchant armour.
 12969 | Lair:5   | 12969 ||| ENCHANTING +0 pair of gloves.
 13061 | Lair:5   | Found a staircase to the Slime Pits.
 13244 | Lair:5   | 13244 ||| INVOKING Heroism.
 13275 | Lair:5   | 13275 ||| FLEEEEING.
 13276 | Lair:5   | 13276 ||| FLEEEEING.
 13277 | Lair:5   | 13277 ||| FLEEEEING.
 13281 | Lair:5   | 13281 ||| STAIRDANCE
 13500 | Lair:4   | 13500 ||| DROPPING scarf of repulsion.
 13511 | Lair:5   | 13511 ||| STAIRDANCE
 13733 | Lair:5   | 13733 ||| INVOKING Heroism.
 13769 | Lair:5   | Reached skill level 15 in Fighting
 13774 | Lair:5   | 13774 ||| DRINKING potion of resistance.
 13813 | Lair:5   | 13813 ||| INVOKING Heroism.
 13819 | Lair:5   | Noticed a fire dragon
 13819 | Lair:5   | 13819 ||| INVOKING Finesse.
 13833 | Lair:5   | Killed a fire dragon
 14097 | Lair:5   | 14097 ||| PLANNING D:1-11
 14199 | D:11     | 14199 ||| Stepping randomly (disturbance).
 14200 | D:11     | 14200 ||| Stepping randomly (disturbance).
 14206 | D:11     | 14206 ||| Stepping randomly (disturbance).
 14293 | D:11     | 14293 ||| Stepping randomly (disturbance).
 14294 | D:11     | 14294 ||| Stepping randomly (disturbance).
 14401 | D:11     | Received a gift from Okawaru
 14402 | D:11     | Reached skill level 12 in Dodging
 14459 | D:11     | 14459 ||| INVOKING Heroism.
 14460 | D:11     | 14460 ||| INVOKING Finesse.
 14472 | D:11     | Reached XP level 14. HP: 116/135 MP: 13/20
 14542 | D:11     | 14542 ||| INVOKING Heroism.
 14543 | D:11     | 14543 ||| INVOKING Finesse.
 14544 | D:11     | 14544 ||| Stepping ~*~*~tactically~*~*~ (outnumbered).
 14599 | D:11     | 14599 ||| INVOKING Heroism.
 14600 | D:11     | 14600 ||| INVOKING Finesse.
 14614 | D:11     | Reached skill level 16 in Fighting
 14656 | D:11     | Identified the +10 spear "Qakhlos" {flame, rPois rF+ Int+2
                  | SInv}
 14778 | D:11     | 14778 ||| READING scroll of enchant armour.
 14778 | D:11     | 14778 ||| ENCHANTING +1 pair of gloves.
 15013 | D:11     | Identified the +8 shortbow "Keegipt" {drain, Str+6}
                  | (Okawaru gifted it to you on level 11 of the Dungeon)
 15013 | D:11     | Received a gift from Okawaru
 15119 | D:11     | Found a staircase to the Orcish Mines.
 15239 | D:11     | 15239 ||| PLANNING D
 15239 | D:11     | 15239 ||| UPGRADING to +0 troll leather armour.
 15249 | D:11     | 15249 ||| DROPPING +2 leather armour of willpower.
 15250 | D:11     | 15250 ||| DROPPING +3 ring mail.
 15290 | D:12     | 15290 ||| Stepping randomly (disturbance).
 15291 | D:12     | 15291 ||| Stepping randomly (disturbance).
 15292 | D:12     | 15292 ||| Stepping randomly (disturbance).
 15343 | D:12     | Identified the +6 long sword "Mistajun" {pain, rC+ rN+}
 15537 | D:12     | Noticed Josephine
 15544 | D:12     | Killed Josephine
 15604 | D:12     | 15604 ||| INVOKING Heroism.
 15605 | D:12     | 15605 ||| INVOKING Finesse.
 15611 | D:12     | Reached skill level 17 in Fighting
 15837 | D:12     | 15837 ||| INVOKING Heroism.
 15838 | D:12     | 15838 ||| INVOKING Finesse.
 15977 | D:12     | 15977 ||| INVOKING Heroism.
 16114 | D:12     | Identified the +10 flail "Jellyslayer" {drain, Dex+2}
 16130 | D:12     | 16130 ||| UPGRADING to +5 ring of evasion.
 16132 | D:12     | 16132 ||| DROPPING +6 ring of strength.
 16133 | D:12     | 16133 ||| DROPPING ring of protection from cold.
 16155 | D:13     | Noticed Urug
 16155 | D:13     | Noticed Rupert
 16155 | D:13     | Noticed Nessos
 16155 | D:13     | Found a gate to the Vaults.
 16156 | D:13     | 16156 ||| INVOKING Heroism.
 16167 | D:13     | 16167 ||| STAIRDANCE
 16172 | D:12     | HP: 18/140 [Rupert/+1 great sword of holy wrath (30)]
 16173 | D:12     | 16173 ||| READING 4 scrolls of teleportation.
 16174 | D:12     | Reached skill level 9 in Armour
 16174 | D:12     | 16174 ||| DRINKING potion of heal wounds.
 16176 | D:12     | Mangled by Rupert

Levels and vault maps discovered:
D:1:      lightli_molten_gateway, layout_rooms, serial_shops,
          nicolae_shop_tiny_waterfront, shop, nicolae_shop_scrapyard, shop,
          nicolae_shop_crystal, st_stairs_12, nicolae_shop_vocational
D:2:      layout_basic, uniq_sigmund
D:3:      layout_rooms, nicolae_gozag_seed_capital, mainiacjoe_overflow_catwalk,
          chequers_ecumenical_altar_island, gammafunk_ghost_cemetery
D:4:      layout_basic, elyvilon_altar_5, serial_bayou, serial_bayou_crossing,
          serial_bayou_pond_b, serial_bayou_pond_c, serial_bayou_shore_b,
          serial_bayou_pond_a, gup_sewer_entry_bowl, nrook_uturn,
          nicolae_the_louvre
D:5:      layout_basic, nicolae_qazlal_scattered_showers
D:6:      nicolae_cairo_tiling_large_dashed, layout_basic,
          okawaru_metal_pillars_1_2, fedhas_altar_decomposition,
          chequers_temple_overflow_statue_of_worship, serial_shops,
          nicolae_shop_tiny_glass
D:7:      layout_basic, nzn_overflow_gifts_of_might_and_magic,
          amcnicky_altar_gilded, mainiacjoe_overflow_brackets,
          lightli_ossuary_entry_decrepit_ruins, uniq_duvessa, uniq_pikel
D:8:      layout_cave_pools, nzn_wu_jian_contemplation,
          gammafunk_ghost_wrathful_warriors, minmay_crystal_water,
          abandoned_shop, minmay_ruined_shrine
D:9:      layout_basic
D:10:     layout_basic, cheibrodos_ashenzari_chains, lair_entry_dummy,
          serial_shops, shop, serial_ice, serial_ice_g, serial_ice_k,
          serial_ice_b, serial_ice_e, serial_ice_n, serial_ice_o, uniq_maggie,
          uniq_erolcha
D:11:     hangedman_cross_cluster, layout_cave_pools, orc_0_dummy
D:12:     layout_irregular_city, uniq_josephine
D:13:     layout_roguey, david_vaults_3, kennysheep_pointless_box
Temple:   hellmonk_temple_micro_hex
Lair:1:   layout_gridlike
Lair:2:   layout_small_grid, spider_nest_entry_rubble, enter_volcano_1,
          infiniplex_staircase_pool_2, serial_bayou_shore_a
Lair:3:   layout_chaotic_city, nicolae_swamp_entry_splash_gauntlet,
          gammafunk_lair_bear_cave
Lair:4:   layout_big_grid, amcnicky_altar_lugonu_corruption
Lair:5:   hangedman_lair_tendril_chambers, layout_misc_corridors,
          guppyfry_lair_end_dragon, minmay_slime_entry_jelly_boxes,
          grunt_forest_stairs_basic

Skill      XL: |  1  2  3  4  5  6  7  8  9 10 11 12 13 14 |
---------------+-------------------------------------------+-----
Ranged Weapons | 5 7 8 9 11 12 14 16 | 16.0
Fighting       | 3 4 5 6 7 8 10 12 15 17 | 17.0
Armour         | 2 3 5 7 9 |  9.0
Dodging        | 3 4 6 7 8 10 12 | 12.0
Invocations    | 4 7 10 | 10.0
Stealth        | |  0.7

Action                     |  1- 3 |  4- 6 |  7- 9 | 10-12 | 13-15 || total
---------------------------+-------+-------+-------+-------+-------++-------
   Fire: Shortbow          |   121 |   188 |   217 |       |       ||   526
         Orcbow            |       |       |   160 |   520 |   598 ||  1278
 Invoke: Heroism           |       |       |     8 |    20 |    13 ||    41
         Finesse           |       |       |       |       |     6 ||     6
    Use: Scroll            |     4 |     6 |     9 |     9 |     4 ||    32
         Potion            |     1 |       |     8 |       |     3 ||    12
 Armour: Leather armour    |    18 |    12 |    18 |    41 |    79 ||   168
         Ring mail         |       |     7 |    58 |       |       ||    65
         Troll leather arm |       |       |       |       |    25 ||    25
  Dodge: Dodged            |    31 |    39 |   110 |   114 |   269 ||   563

Table legend:
 A = Non-vault XP
 B = Vault XP
 C = Vault XP percentage of total XP
 D = Non-vault monster count
 E = Vault monster count
 F = Vault count percentage of total count
                 A         B        C        D         E       F
            +---------+---------+-------+---------+---------+-------
      Total |   44096 |   39279 |  47.1 |     296 |     231 |  43.8
            +---------+---------+-------+---------+---------+-------
        D:1 |      37 |       3 |   7.5 |      23 |       2 |   8.0
        D:2 |      37 |     239 |  86.6 |       8 |       1 |  11.1
        D:3 |      78 |       0 |   0.0 |      15 |       0 |   0.0
        D:4 |     123 |      49 |  28.5 |      13 |       8 |  38.1
        D:5 |     777 |       0 |   0.0 |      19 |       0 |   0.0
        D:6 |     975 |       0 |   0.0 |      23 |       0 |   0.0
        D:7 |     797 |    1041 |  56.6 |      16 |       5 |  23.8
        D:8 |     339 |    1165 |  77.5 |       7 |      10 |  58.8
        D:9 |    2479 |       0 |   0.0 |      23 |       0 |   0.0
       D:10 |    4013 |    4489 |  52.8 |      24 |      21 |  46.7
       D:11 |    4853 |   11449 |  70.2 |      17 |      25 |  59.5
       D:12 |    3843 |    2308 |  37.5 |       8 |       8 |  50.0
       D:13 |       0 |     861 | 100.0 |       0 |       5 | 100.0
     Lair:1 |    4734 |       0 |   0.0 |      19 |       0 |   0.0
     Lair:2 |    1732 |     260 |  13.1 |      10 |       1 |   9.1
     Lair:3 |    2216 |    2576 |  53.8 |      10 |       7 |  41.2
     Lair:4 |    4274 |       0 |   0.0 |      21 |       0 |   0.0
     Lair:5 |   12789 |   14201 |  52.6 |      40 |      67 |  62.6
      Sewer |       0 |     238 | 100.0 |       0 |      46 | 100.0
    Ossuary |       0 |     400 | 100.0 |       0 |      25 | 100.0
            +---------+---------+-------+---------+---------+-------
